 Dungeon Crawl Stone Soup version 0.23.1-37-gaa34b87 (webtiles) character file.

Game seed: 638949099348605599

51 kae the Charmwright (level 3, -2/28 HPs)
             Began as a Demonspawn Skald on Mar 23, 2019.
             Slain by a goblin
             ... wielding a +0 club
              (4 damage)
             ... on level 2 of the Dungeon.
             The game lasted 00:01:31 (1551 turns).

kae the Charmwright (Demonspawn Skald)              Turns: 1551, Time: 00:01:31

Health: -2/28      AC:  4    Str: 11    XL:     3   Next: 58%
Magic:  6/6        EV: 12    Int: 14    God:
Gold:   36         SH:  0    Dex: 13    Spells: 5/6 levels left

rFire    . . .     SeeInvis .     - Unarmed
rCold    . . .     Gourm    .   (no shield)
rNeg     . . .     Faith    .   a - +0 leather armour
rPois    .         Spirit   .   (no helmet)
rElec    .         Reflect  .   (no cloak)
rCorr    .         Harm     .   (no gloves)
MR       .....                  (no boots)
Stlth    +.........             g - amulet of regeneration
HPRegen  0.49/turn              (no ring)
MPRegen  0.10/turn              (no ring)

@: lethally poisoned (-2 -> -12)
A: hooves 1, rugged brown scales 1
a: no special abilities


You were on level 2 of the Dungeon.
You were not hungry.

You visited 1 branch of the dungeon, and saw 2 of its levels.

You collected 36 gold pieces.

Inventory:

Missiles
 d - 108 stones
 i - 8 tomahawks (quivered)
Armour
 a - a +0 leather armour (worn)
Jewellery
 g - an amulet of regeneration (around neck)
Scrolls
 b - a scroll of blinking {unknown}
 f - a scroll of fog {unknown}
 h - a scroll of magic mapping {unknown}
 j - 2 scrolls of identify {unknown}
 k - a scroll of enchant armour {unknown}
 m - a scroll of teleportation {unknown}
Potions
 e - 3 potions of curing {unknown}
Comestibles
 c - 4 rations
 l - a chunk of flesh


   Skills:
 + Level 2.6 Fighting
 - Level 0.8 Armour
 - Level 1.7 Dodging
 * Level 2.8 Unarmed Combat
 - Level 2.0 Spellcasting
 + Level 3.1 Charms


You had 5 spell levels left.
You knew the following spells:

 Your Spells              Type           Power        Failure   Level  Hunger
a - Infusion              Chrm           ##..         9%          1    ##.....

Your spell library contained the following spells:

 Spells                   Type           Power        Failure   Level  Hunger
 Song of Slaying          Chrm           ##......     13%         2    ###....
 Shroud of Golubria       Chrm/Tloc      #.........   26%         2    ###....
 Regeneration             Chrm/Necr      #.........   45%         3    ####...
 Spectral Weapon          Hex/Chrm       #.......     45%         3    ####...


Dungeon Overview and Level Annotations

Branches:
Dungeon (2/15)

Altars:


Innate Abilities, Weirdness & Mutations

You have large cloven feet.
You are partially covered in rugged brown scales. (AC +1, +3% HP)


Message History

You feel sick. The goblin hits you but does no damage.
The adder closely misses you.
You barely miss the adder. Your kick misses the adder.
The adder is heavily wounded.
You feel sick. The goblin hits you but does no damage. The adder bites you.
You are more poisoned.
The adder poisons you!
You miss the adder.
The adder is heavily wounded.
You feel sick. The adder bites you.
* * * LOW HITPOINT WARNING * * *
The goblin closely misses you.
You miss the adder.
The adder is heavily wounded.
* * * LOW HITPOINT WARNING * * *
You feel sick. The adder bites you.
* * * LOW HITPOINT WARNING * * *
You are more poisoned.
The adder poisons you! The goblin hits you with a +0 club.
You die...

.......#####.#..†......
.......# #.#....<....
.......#######.......##
.......#...............
.......#......†.>#...##
.#######.......#'###.#
.# #.............# .#
#.............# ÷####
#........@....# ....#
#.......Sg....# ....#
..........!...... ....#
.#####.......... ..<.#
#...###.... ....# ....#
.... ##### ....## ...
..... #.


You could see an adder and a goblin.

Vanquished Creatures
  An adder (D:2)
  2 dart slugs (D:1)
  3 leopard geckos
  4 bats
  5 giant cockroaches
  5 goblins
  4 hobgoblins (D:1)
  2 jackals (D:1)
  2 kobolds (D:1)
  A ball python (D:1)
  A frilled lizard (D:1)
  A rat (D:1)
31 creatures vanquished.

Notes
Turn   | Place    | Note
-------+----------+-------------------------------------------
     0 | D:1      | kae the Demonspawn Skald began the quest for the Orb.
     0 | D:1      | Reached XP level 1. HP: 16/16 MP: 3/3
   378 | D:1      | Gained mutation: You are partially covered in rugged brown
                  | scales. (AC +1, +3% HP) [demonic ancestry]
   378 | D:1      | Reached XP level 2. HP: 15/22 MP: 1/5
   733 | D:1      | Reached skill level 3 in Charms
   885 | D:1      | Gained mutation: You have large cloven feet. [demonic
                  | ancestry]
   885 | D:1      | Reached XP level 3. HP: 19/28 MP: 0/6
  1551 | D:2      | Slain by a goblin

Skill      XL: |  1  2 |
---------------+-------+-----
Unarmed Combat | 2 |  2.8
Charms         | 3 |  3.1
Fighting       | |  2.6
Armour         | |  0.8
Dodging        | |  1.7
Spellcasting   | |  2.0

Action                   || total
-------------------------++-------
Melee: Unarmed           ||   127
       Kick              ||     9
Throw: Stone             ||     7
       Tomahawk          ||     4
 Cast: Infusion          ||     4
  Eat: Chunk             ||     2
Armor: Leather armour    ||    33
Dodge: Dodged            ||    66
